 Dungeon Crawl Stone Soup version 0.21.1-1-g345015f (webtiles) character file.

634 infcreate the Magician (level 7, -12/36 HPs)
             Began as a Deep Elf Conjurer on June 30, 2018.
             Mangled by Duvessa
             ... wielding a +0 short sword
              (16 damage)
             ... on level 6 of the Dungeon.
             The game lasted 00:36:40 (5796 turns).

infcreate the Magician (Deep Elf Conjurer)          Turns: 5796, Time: 00:36:41

Health: -12/36     AC:  5    Str:  5    XL:     7   Next: 24%
Magic:  11/19      EV: 13    Int: 22    God:
Gold:   205        SH:  0    Dex: 15    Spells: 10/20 levels left

rFire    . . .     SeeInvis .   (no weapon)
rCold    . . .     Gourm    .   (no shield)
rNeg     . . .     Faith    .   a - +0 robe
rPois    .         Spirit   .   f - +2 hat
rElec    .         Reflect  .   (no cloak)
rCorr    .         Harm     .   (no gloves)
MR       .....                  n - +0 pair of boots
Stlth    +.........             (no amulet)
HPRegen  0.12/turn              (no ring)
MPRegen  0.16/turn              (no ring)

@: glowing
A: no striking features
a: no special abilities


You were on level 6 of the Dungeon.
You were not hungry.

You visited 1 branch of the dungeon, and saw 6 of its levels.
You also visited: Sewer.

You collected 205 gold pieces.

Inventory:

Armour
 a - a +0 robe (worn)
 f - a +2 hat (worn)
 n - a +0 pair of boots (worn)
Jewellery
 t - an uncursed ring of stealth {unknown}
Scrolls
 d - 5 scrolls of identify
 e - 3 scrolls of remove curse
 g - a scroll of immolation
 j - 5 scrolls of teleportation
 k - a scroll of amnesia
 s - a scroll of blinking {unknown}
 u - a scroll of enchant weapon {unknown}
Potions
 h - 2 potions of brilliance {unknown}
 i - a potion of degeneration {unknown}
 l - 2 potions of might
 m - 6 potions of curing {unknown}
 o - 2 potions of magic {unknown}
 p - 2 potions of heal wounds
 q - a potion of agility
 r - a potion of ambrosia {unknown}
 v - 3 potions of flight {unknown}
Books
 b - a book of Conjurations

   Spells                             Type                      Level
   a - Magic Dart                     Conjuration                  1
   b - Searing Ray                    Conjuration                  2
   c - Dazzling Spray                 Conjuration/Hexes            3
   d - Fulminant Prism                Conjuration/Hexes            4
   e - Force Lance                    Conjuration/Translocation    4
   f - Iskenderun's Mystic Blast      Conjuration                  4
Comestibles
 c - 8 rations


   Skills:
 + Level 2.8 Dodging
 + Level 4.4 Stealth
 + Level 7.3 Spellcasting
 + Level 6.8 Conjurations
 + Level 2.0 Hexes


You had 10 spell levels left.
You knew the following spells:

 Your Spells              Type           Power        Failure   Level  Hunger
a - Magic Dart            Conj           ####         1%          1    None
b - Searing Ray           Conj           #####.       1%          2    None
c - Dazzling Spray        Conj/Hex       ####..       3%          3    None
d - Fulminant Prism       Conj/Hex       ####......   13%         4    ###....


Dungeon Overview and Level Annotations

Branches:
Dungeon (6/15)
 Temple: D:4-7

Altars:
Ashenzari
Fedhas
Hepliaklqana
Kikubaaqudgha
Makhleb
Ru
Trog
Wu Jian
Yredelemnul
Zin
The Shining One

Shops:
D:5 (!}:

Annotations:
D:6 Blork the orc; Duvessa; eyesofgods1's ghost, novice SpEn


Message History

The puff of frost hits you!
* * * LOW HITPOINT WARNING * * *
Duvessa rages.
Blork the orc casts a spell.
Blork the orc seems to speed up.
Duvessa rages.
Duvessa barely misses you. Duvessa hits you with a short sword.
* * * LOW HITPOINT WARNING * * *
Blork the orc begins to cast a cantrip, but forgets the words!
Duvessa closely misses you.
Duvessa rages.
Your magical contamination has completely faded away.
Duvessa barely misses you.
Blork the orc casts a spell.
Blork the orc flickers and vanishes!
Deactivating autopickup; reactivate with Ctrl-A.
Duvessa rages.
Duvessa hits you with a short sword!
You die...

.###.....[.[...
#.#
>###.##.<######
#.# .....(.....#
#.# ##
........##.#
#.###.W..
#.##.#####.#
########.....[..
#.##.#####.#
#.....e.§###.###
#.##......o#
#.######.#
#.##.#####.# #.#
#.#
#.##.#####.#####@#
#..
#.##...........e.#
#.##
...........#######
#[# .#########.#
#.# .####### #.#
#.# ##≈÷≈..###.#
#≈#####≈##.#
#≈##≈##.##.#
#≈#.#≈#≈##.#


You could see Duvessa (berserk).

Vanquished Creatures
  A bullfrog (D:6)
  A big kobold (Sewer)
  Dowan (D:6)
  An orc wizard (D:5)
  2 bullfrog skeletons
  A centaur skeleton (D:4)
  An iguana (D:5)
  3 worker ants
  Terence (D:2)
  2 worker ant zombies (D:5)
  6 adders
  2 shadow imps
  2 oozes
  A worm (D:6)
  3 dart slugs
  2 leopard geckos
  13 orcs
  2 ball pythons
  4 giant cockroaches
  10 goblins
  8 hobgoblins
  3 jackals (D:4)
  6 bats
  5 frilled lizards
  19 kobolds
  A leopard gecko skeleton (D:4)
  9 rats
110 creatures vanquished.

Vanquished Creatures (others)
  15 fulminant prisms
15 creatures vanquished.

Grand Total: 125 creatures vanquished

Notes
Turn   | Place    | Note
-------+----------+-------------------------------------------
     0 | D:1      | infcreate the Deep Elf Conjurer began the quest for the Orb.
     0 | D:1      | Reached XP level 1. HP: 10/10 MP: 6/6
    71 | D:1      | Reached XP level 2. HP: 4/15 MP: 0/8
   281 | D:1      | Learned a level 2 spell: Searing Ray
   392 | D:1      | Reached skill level 5 in Conjurations
   808 | D:1      | Reached XP level 3. HP: 19/19 MP: 7/9
   813 | D:1      | Learned a level 3 spell: Dazzling Spray
  1018 | D:2      | Found a basalt altar of Yredelemnul.
  1019 | D:2      | Found a bloodstained altar of Trog.
  1053 | D:2      | Found an ancient bone altar of Kikubaaqudgha.
  1057 | D:2      | Found an ornate altar of the Wu Jian Council.
  1062 | D:2      | Found a sacrificial altar of Ru.
  1435 | D:2      | Noticed Terence
  1443 | D:2      | Killed Terence
  1651 | D:2      | Reached skill level 4 in Spellcasting
  1651 | D:2      | Reached XP level 4. HP: 24/24 MP: 7/12
  2215 | D:3      | Learned a level 4 spell: Fulminant Prism
  2358 | D:3      | Found Zin's Purification Station.
  2368 | D:3      | Found a glowing silver altar of Zin.
  2943 | D:4      | Reached XP level 5. HP: 27/28 MP: 5/14
  3055 | D:4      | Found a glowing golden altar of the Shining One.
  3093 | D:4      | Reached skill level 5 in Spellcasting
  3246 | D:4      | Found a burning altar of Makhleb.
  3621 | D:5      | Entered Level 5 of the Dungeon
  3925 | D:5      | Found Vanohuw's Weapon Emporium.
  3981 | D:5      | Found Pud Urun's Book Emporium.
  3992 | D:5      | Reached XP level 6. HP: 32/32 MP: 10/16
  4042 | D:5      | Found a hazy altar of Hepliaklqana.
  4052 | D:5      | Found a blossoming altar of Fedhas.
  4063 | D:5      | Found Pafuu's Distillery.
  4086 | D:5      | Reached skill level 6 in Spellcasting
  4115 | D:5      | Found Caymix's Gadget Shoppe.
  4120 | D:5      | Found a shattered altar of Ashenzari.
  4254 | D:5      | Reached skill level 1 in Hexes
  4760 | D:6      | Learned a level 4 spell: Fulminant Prism
  4997 | D:6      | Found a glowing drain.
  5001 | Sewer    | Entered a sewer
  5271 | Sewer    | Reached skill level 7 in Spellcasting
  5271 | Sewer    | Reached XP level 7. HP: 36/36 MP: 12/19
  5523 | D:6      | Noticed Duvessa
  5529 | D:6      | Noticed Dowan
  5531 | D:6      | Noticed eyesofgods1's ghost (novice SpEn)
  5561 | D:6      | Noticed Blork the orc
  5776 | D:6      | Killed Dowan
  5796 | D:6      | Mangled by Duvessa

Skill      XL: |  1  2  3  4  5  6  7 |
---------------+----------------------+-----
Conjurations   | 5 6 |  6.8
Spellcasting   | 4 5 7 |  7.3
Stealth        | 3 4 |  4.4
Hexes          | 1 2 |  2.0
Dodging        | |  2.8

Action                   |  1- 3 |  4- 6 |  7- 9 || total
-------------------------+-------+-------+-------++-------
Melee: Unarmed           |     1 |       |       ||     1
 Cast: Magic Dart        |    64 |   128 |     9 ||   201
       Dazzling Spray    |     2 |    15 |       ||    17
       Searing Ray       |     1 |     3 |     2 ||     6
       Fulminant Prism   |       |     9 |     6 ||    15
  Use: Potion            |       |     2 |       ||     2
       Scroll            |       |     6 |       ||     6
  Eat: Chunk             |     2 |     6 |     1 ||     9
       Ration            |       |     2 |     1 ||     3
Armor: Robe              |     1 |    17 |     4 ||    22
Dodge: Dodged            |     3 |    43 |     8 ||    54
